 Dungeon Crawl Stone Soup version 0.31-a0-1057-g70f3316b05 (webtiles) character file.

Game seed: 14116826442341615144

83340 AZSletch the Metamorph (level 15, -4/136 (144) HPs)
             Began as a Merfolk Shapeshifter on Nov 20, 2023.
             Was a High Priest of Makhleb.
             Slain by a pharaoh ant (10 damage)
             ... on level 2 of the Spider Nest.
             The game lasted 01:56:06 (23586 turns).

AZSletch the Metamorph (Merfolk Shapeshifter)      Turns: 23586, Time: 01:56:06

HP:   -4/136 (144)  AC: 15    Str: 21 (25) XL:     15   Next: 76%
MP:   0/23          EV: 18    Int: 12      God:    Makhleb [*****.]
Gold: 1059          SH:  0    Dex:  9 (13) Spells: 14/14 levels left

rFire   . .          .
                       - Unarmed
rCold   . . .        (shield currently unavailable)
rNeg    . . .        L - melded +0 leather armour {rPois}
rPois   .            R - melded +2 hat {Int+3}
rElec   .            k - melded +0 cloak
rCorr   .            (gloves currently unavailable)
SInv    +            E - melded +0 pair of boots
Will    +....        N - amulet of magic regeneration
Stlth   +            O - ring of see invisible
HPRegen 0.42/turn    B - +5 ring of evasion
MPRegen 0.58/turn

%: no passive effects
@: snake-form, drained
A: constrict, boosted hp, large, (nimble swimmer 2), (mertail), deterioration 1,
screaming 1
a: Begin Untransformation, Renounce Religion, Minor Destruction, Lesser Servant
of Makhleb, Major Destruction, Greater Servant of Makhleb


You were on level 2 of the Spider Nest.
You worshipped Makhleb.
Makhleb was extremely pleased with you.
You were an enormous anaconda.
You visited 4 branches of the dungeon, and saw 19 of its levels.
You also visited: Ice Cave.

You collected 2106 gold pieces.
You spent 1047 gold pieces at shops.

Inventory:

Missiles
 Q - 5 curare-tipped darts
Armour
 k - a +0 cloak (melded)
 o - a scarf of resistance
 E - a +0 pair of boots (melded)
 L - a +0 leather armour of poison resistance (melded)
 R - a +2 hat of intelligence (melded)
 Y - a +2 robe of cold resistance
Jewellery
 b - a ring of protection from cold
 j - a +6 ring of dexterity
 y - a ring of protection from cold
 B - a +5 ring of evasion (right hand)
 G - a +6 ring of intelligence
 N - an amulet of magic regeneration (around neck)
 O - a ring of see invisible (left hand)
 P - a ring of poison resistance
 W - a ring of protection from fire
Talismans
 c - a beast talisman
 d - a flux talisman
 l - a storm talisman
 n - a serpent talisman (active)
Wands
 a - a wand of mindburst (8)
 p - a wand of acid (3)
 v - a wand of charming (10)
 A - a wand of flame (23)
 D - a wand of digging (4)
 J - a wand of roots (17)
Scrolls
 e - 2 scrolls of identify
 f - 4 scrolls of revelation
 g - 3 scrolls of immolation
 h - 8 scrolls of teleportation
 i - 2 scrolls of amnesia
 m - 4 scrolls of poison {unknown}
 q - 2 scrolls of fog
 t - a scroll of brand weapon
 w - a scroll of blinking
 z - 2 scrolls of enchant armour
 C - 4 scrolls of fear
 K - 2 scrolls of butterflies
 T - 2 scrolls of vulnerability
Potions
 r - 3 potions of curing
 s - 2 potions of haste
 u - 3 potions of might
 x - 2 potions of enlightenment
 F - 4 potions of magic
 I - a potion of mutation
 M - 2 potions of attraction
 S - 3 potions of resistance
 U - 2 potions of lignification
 X - a potion of berserk rage


   Skills:
 - Level 11.7 Fighting
 - Level 13.9 Dodging
 - Level 11.8 Unarmed Combat
 - Level 11.1 Invocations
 - Level 5.7 Evocations
 * Level 20.9 Shapeshifting


You had 14 spell levels left.
You didn't know any spells.
Your spell library contained the following spells:

 Spells                   Type           Power      Damage    Failure   Level
 Freeze                   Ice            0%         1d3       32%         1
 Magic Dart               Conj           0%         1d3       32%         1
 Blink                    Tloc           0%         N/A       45%         2
 Lesser Beckoning         Tloc           0%         N/A       45%         2
 Momentum Strike          Conj/Tloc      0%         3d8       45%         2
 Poisonous Vapours        Pois/Air       0%         N/A       45%         2
 Searing Ray              Conj           0%         2d4       45%         2
 Call Canine Familiar     Summ           0%         N/A       69%         3
 Dazzling Flash           Conj/Hex       0%         N/A       69%         3
 Frozen Ramparts          Ice            0%         1d1       69%         3
 Gell's Gravitas          Tloc           0%         N/A       69%         3
 Hailstorm                Conj/Ice       0%         3d3       69%         3
 Mephitic Cloud           Conj/Pois/Air  0%         N/A       69%         3
 Sigil of Binding         Hex            0%         N/A       69%         3
 Teleport Other           Tloc           0%         N/A       69%         3
 Dimensional Bullseye     Hex/Tloc       0%         N/A       97%         4
 Fulminant Prism          Conj/Hex       0%         3d5       97%         4
 Leda's Liquefaction      Hex/Erth       0%         N/A       97%         4
 Manifold Assault         Tloc           0%         N/A       97%         4
 Summon Ice Beast         Ice/Summ       0%         N/A       97%         4
 Agony                    Necr           0%         N/A       100%        5
 Freezing Cloud           Conj/Ice/Air   0%         6-21      100%        5
 Silence                  Hex/Air        0%         N/A       100%        5
 Dispersal                Tloc           0%         N/A       100%        6
 Simulacrum               Ice/Necr       0%         N/A       100%        6


Dungeon Overview and Level Annotations

Branches:
Dungeon (10/15)            Temple (0/1) D:6            Lair (5/5) D:9
 Shoals (0/4) Lair:2       Spider (2/4) Lair:3        Slime (0/5) Lair:5
    Orc (2/2) D:10            Elf (0/3) Orc:2         IceCv (visited)

Altars:
Ashenzari
Dithmenos
Elyvilon
Fedhas
Gozag
Makhleb
Nemelex Xobeh
Qazlal
Ru
Trog
Yredelemnul
Zin
Jiyva

Shops:
D:2 =   D:3 [   D:10 (

Annotations:
D:7 4 transporters, slavik159's ghost, novice MiMo
Spider:1 exclusion: oklob plant


Innate Abilities, Weirdness & Mutations

You are an enormous anaconda.
You have a powerful constriction melee attack.
Your maximum health is increased.
Your armour is entirely melded.
You are incapable of wielding weapons or throwing items.
((You are very nimble when in or above water. (Stealth+, EV+, Speed+++)))
((Your lower body shifts to a powerful aquatic tail in water.))
Your body sometimes deteriorates upon taking damage.
You occasionally shout uncontrollably at your foes.


Message History

The ghost moth hits you.
You feel weakened. The ghost moth stings you.
You feel weakened.
You body-slam the ghost moth!!
Your grab misses the ghost moth.
The ghost moth is severely wounded.
The ghost moth misses you. The ghost moth hits you! The ghost moth stings you!
You feel clumsy.
You hit the ghost moth but do no damage.
Your grab misses the ghost moth.
The ghost moth is severely wounded.
The ghost moth hits you!
* * * LOW HITPOINT WARNING * * *
You feel weakened. The ghost moth misses you.
The ghost moth stings you but does no damage.
You closely miss the ghost moth. You grab the ghost moth.
The ghost moth is severely wounded.
You constrict the ghost moth, but do no damage.
The ghost moth completely misses you. The ghost moth closely misses you.
The ghost moth stings you.
* * * LOW HITPOINT WARNING * * *
You body-slam the ghost moth!!
The ghost moth is almost dead.
You constrict the ghost moth, but do no damage.
The ghost moth stares at you.
You feel your power leaking away. The ghost moth hits you!
* * * LOW HITPOINT WARNING * * *
The ghost moth completely misses you. x2
You lash the ghost moth!
You kill the ghost moth!
Makhleb accepts your kill.
You feel better.
You hit the pharaoh ant. Your grab misses the pharaoh ant.
The pharaoh ant is lightly damaged.
The pharaoh ant bites you!!
* * * LOW HITPOINT WARNING * * *
You feel drained.
You die...

####...###
#.^####.....#..#
..............###
.#.###.#......#.#
$.###.......#
...[ ##.....##
...B# ##...##
.... #...#B######
... ##..##S.#..#
s. #######<.#
####


You could see a pharaoh ant.

Vanquished Creatures
  A ghost moth (Spider:2)
  An emperor scorpion (Spider:1)
  A reaper (IceCv)
  A dire elephant (Lair:5)
  2 entropy weavers (Spider:1)
  Erolcha (D:8)
  An ice dragon (Lair:5)
  2 hydras
  A radroach (Spider:1)
  2 boulder beetles
  A two-headed ogre (Orc:1)
  2 demonic crawlers (Spider:1)
  2 death yaks (Lair:5)
  An orc high priest (Orc:2)
  A sun demon (D:10)
  Sonja (Lair:2)
  Amaemon (D:9)
  A soul eater (D:9)
  A skyshark (Lair:3)
  2 sun moths
  5 pharaoh ants
  A lindwurm (Lair:5)
  A steelbarb worm (Spider:1)
  2 orc knights (Orc:2)
  3 wolf spiders
  10 elephants
  2 ice statues (IceCv)
  10 black mambas
  2 orange demons
  6 torpor snails
  2 smoke demons (D:10)
  9 cane toads
  2 rime drakes
  7 komodo dragons
  9 ice devils
  An anaconda simulacrum (IceCv)
  A red devil (D:10)
  4 tyrant leeches (Lair:5)
  10 polar bears
  8 hornets
  A wind drake (Lair:2)
  2 raiju (Lair:5)
  6 tarantellas (Spider:1)
  7 dream sheep
  17 blink frogs
  8 jumping spiders (Spider:1)
  2 culicivoras (Spider:1)
  A shadow (D:8)
  A dire elephant simulacrum (IceCv)
  A ynoxinul (D:10)
  A vampire (D:10)
  15 yaks
  5 wyverns
  A basilisk (Lair:4)
  A chaos spawn (D:10)
  2 steam dragons
  2 neqoxecs (D:10)
  25 redbacks
  10 wargs
  Edmund (D:6)
  6 acid dragons
  19 water moccasins
  13 hell hounds (Lair:5)
  An ice beast (D:8)
  3 sky beasts
  7 black bears
  13 orc warriors
  16 wolves
  6 ogres
  2 centaurs
  4 phantoms
  2 kobold brigands
  A gnoll sergeant (D:8)
  15 bullfrogs
  4 scorpions
  A cane toad simulacrum (IceCv)
  5 wights
  3 elephant simulacra (IceCv)
  10 killer bees
  2 electric eels (Lair:2)
  5 howler monkeys
  4 hounds
  2 quasits (D:10)
  4 jellies
  16 orc priests
  A gnoll bouda (D:2)
  Ijyb (D:5)
  Natasha (twice) (D:4)
  16 orc wizards
  3 troll simulacra (IceCv)
  A spriggan simulacrum (IceCv)
  A wolf simulacrum (IceCv)
  10 adders
  7 gnolls
  A naga simulacrum (IceCv)
  6 white imps
  4 ufetubi
  47 orcs
  7 bats
  3 endoplasms
  3 giant cockroaches
  7 goblins
  7 hobgoblins
  2 quokkas
  9 ball pythons
  2 frilled lizards
  19 kobolds
  4 rats
557 creatures vanquished.

Vanquished Creatures (collateral kills)
  Gastronok (Lair:2)
  A hydra (Lair:5)
  A boulder beetle (Lair:4)
  A death yak (Lair:5)
  A sun demon (D:10)
  A sixfirhy (D:10)
  A manticore (Lair:2)
  A torpor snail (Lair:5)
  A cane toad (Lair:5)
  A rime drake (Lair:5)
  2 ice devils
  A polar bear (Lair:5)
  5 dream sheep
  A raiju (Lair:5)
  3 blink frogs (Lair:5)
  A hornet (D:5)
  A ynoxinul (D:10)
  12 yaks
  2 redbacks (Spider:1)
  A hell hound (Lair:5)
  5 black bears (Lair:5)
  A bullfrog (Lair:4)
  2 cane toad simulacra (IceCv)
  2 two-headed ogre simulacra (IceCv)
  A quasit (D:10)
  4 jellies (Lair:5)
  A troll simulacrum (IceCv)
  3 endoplasms (Lair:5)
58 creatures vanquished.

Vanquished Creatures (others)
  An orc priest (Orc:2)
1 creature vanquished.

Grand Total: 616 creatures vanquished

Notes
Turn   | Place    | Note
-------+----------+-------------------------------------------
     0 | D:1      | AZSletch the Merfolk Shapeshifter began the quest for the
                  | Orb.
     0 | D:1      | Reached XP level 1. HP: 15/15 MP: 1/1
    81 | D:1      | Found a faded altar of an unknown god.
    99 | D:1      | Prayed at the altar of an unknown god.
    99 | D:1      | Became a worshipper of Makhleb the Destroyer
    99 | D:1      | Reached * piety under Makhleb
   199 | D:1      | Reached XP level 2. HP: 16/21 MP: 2/2
  1013 | D:2      | HP: 1/21 [gnoll/+0 flail[a gnoll bouda] (13)]
  1071 | D:2      | Found Neadiqur's Jewellery Shop.
  1073 | D:2      | Reached XP level 3. HP: 18/26 MP: 3/3
  1281 | D:2      | Reached ** piety under Makhleb
  1440 | D:3      | Found Othelim's Armour Boutique.
  1440 | D:3      | Noticed an animated crystal plate armour
  1440 | D:3      | Noticed an animated storm dragon scales
  1486 | D:3      | Found an opulent altar of Gozag.
  1710 | D:3      | Found a stormy altar of Qazlal.
  1734 | D:3      | Found a broken altar of Ashenzari.
  2012 | D:3      | Reached XP level 4. HP: 31/33 MP: 4/4
  2141 | D:3      | Reached skill level 5 in Shapeshifting
  2496 | D:4      | Identified the +4 mace "Cuzeval" {freeze, Will+ MP+9}
  2645 | D:4      | Reached XP level 5. HP: 39/39 MP: 5/5
  2780 | D:4      | Noticed a black bear
  2909 | D:4      | Noticed Natasha
  2989 | D:4      | Reached skill level 6 in Shapeshifting
  3191 | D:4      | Reached XP level 6. HP: 28/46 MP: 6/6
  3369 | D:4      | Found a white marble altar of Elyvilon.
  3445 | D:4      | Reached skill level 7 in Shapeshifting
  3823 | D:4      | Reached skill level 1 in Invocations
  3942 | D:5      | Entered Level 5 of the Dungeon
  4203 | D:5      | Found a sparkling altar of Nemelex Xobeh.
  4275 | D:5      | Reached XP level 7. HP: 51/51 MP: 8/8
  4277 | D:5      | Reached *** piety under Makhleb
  4295 | D:5      | Noticed Ijyb
  4350 | D:5      | Killed Ijyb
  4431 | D:5      | Noticed a hornet
  4436 | D:5      | Killed a hornet
  4437 | D:5      | Reached skill level 8 in Shapeshifting
  4599 | D:5      | Reached XP level 8. HP: 55/60 MP: 9/9
  4842 | D:5      | Reached skill level 5 in Unarmed Combat
  5143 | D:6      | Found a sacrificial altar of Ru.
  5222 | D:6      | Reached skill level 5 in Dodging
  5248 | D:6      | Reached skill level 9 in Shapeshifting
  5436 | D:6      | Noticed Edmund
  5445 | D:6      | Killed Edmund
  5593 | D:6      | Found a staircase to the Ecumenical Temple.
  6174 | D:7      | Reached XP level 9. HP: 53/67 MP: 10/12
  6325 | D:4      | Reached skill level 5 in Fighting
  6340 | D:4      | Killed Natasha
  6353 | D:4      | Identified the +2 short sword of Nice Guilt {heavy, rElec
                  | rC+}
  6358 | D:4      | Noticed Natasha
  6364 | D:4      | Killed Natasha
  6826 | D:7      | Reached skill level 10 in Shapeshifting
  7061 | D:7      | Noticed a two-headed ogre
  7063 | D:7      | Found a blossoming altar of Fedhas.
  7063 | D:7      | Noticed a boulder beetle
  7068 | D:7      | Found a transporter.
  7080 | D:7      | Found a transporter.
  7206 | D:7      | Noticed slavik159's ghost (novice MiMo)
  7206 | D:7      | Noticed a moth of wrath
  7208 | D:7      | Found a bloodstained altar of Trog.
  7221 | D:7      | Found a transporter.
  7234 | D:7      | Found a transporter.
  7263 | D:7      | Found the +6 shillelagh "Devastator" {shatter}
  7730 | D:8      | Found a basalt altar of Yredelemnul.
  7796 | D:8      | Reached skill level 5 in Invocations
  7887 | D:8      | Reached skill level 11 in Shapeshifting
  8304 | D:8      | Reached XP level 10. HP: 76/76 MP: 13/13
  8480 | D:9      | Noticed Erolcha
  8517 | D:9      | Noticed an orange demon
  8526 | D:8      | Reached **** piety under Makhleb
  8586 | D:9      | Noticed Amaemon
  8660 | D:8      | Killed Erolcha
  8692 | D:9      | Found a glowing silver altar of Zin.
  8742 | D:9      | Reached skill level 12 in Shapeshifting
  8874 | D:9      | Noticed a boulder beetle
  8891 | D:9      | Killed a boulder beetle
  8913 | D:9      | Found a staircase to the Lair.
  9143 | D:9      | Killed Amaemon
  9151 | D:9      | Killed an orange demon
  9152 | D:9      | Reached XP level 11. HP: 41/84 MP: 14/16
  9556 | D:10     | Entered Level 10 of the Dungeon
  9556 | D:10     | Found a bloodstained altar of Trog.
  9561 | D:10     | Noticed a soul eater
  9589 | D:9      | Killed a soul eater
  9590 | D:9      | Reached skill level 13 in Shapeshifting
 10036 | D:10     | Gained mutation: Your body sometimes deteriorates upon
                  | taking damage. [a neqoxec]
 10077 | D:10     | Found Zokoanots's Weapon Shop.
 10087 | D:10     | Found a staircase to the Orcish Mines.
 10101 | D:10     | Noticed a sun demon
 10142 | D:10     | Killed a sun demon
 10198 | D:10     | Found a shadowy altar of Dithmenos.
 10260 | D:10     | Noticed a sun demon
 10266 | D:10     | Killed a sun demon
 10278 | D:10     | Reached skill level 10 in Dodging
 10283 | D:10     | Reached skill level 14 in Shapeshifting
 10540 | D:10     | Noticed a sixfirhy
 10546 | D:10     | Gained mutation: You occasionally shout uncontrollably at
                  | your foes. [a neqoxec]
 10548 | D:10     | Killed a sixfirhy
 10549 | D:10     | Reached XP level 12. HP: 94/94 MP: 17/17
 10549 | D:10     | Found Jyuteti's CLEARANCE SALE!.
 10556 | D:10     | Bought a scroll of teleportation for 21 gold pieces
 10556 | D:10     | Bought a scroll of identify for 14 gold pieces
 10556 | D:10     | Bought a scroll of revelation for 52 gold pieces
 11022 | Lair:1   | Entered Level 1 of the Lair of Beasts
 12093 | Lair:2   | Reached skill level 15 in Shapeshifting
 12262 | Lair:2   | Noticed Sonja
 12273 | Lair:2   | Killed Sonja
 12657 | Lair:2   | Noticed Gastronok
 12668 | Lair:2   | Killed Gastronok
 12676 | Lair:2   | Found a staircase to the Shoals.
 13171 | Lair:3   | Reached skill level 10 in Unarmed Combat
 13312 | Lair:3   | Reached XP level 13. HP: 102/102 MP: 19/19
 13339 | Lair:3   | Found a hole to the Spider Nest.
 13466 | Lair:3   | Reached skill level 1 in Evocations
 13548 | Lair:3   | Reached skill level 16 in Shapeshifting
 13632 | Lair:3   | Reached skill level 10 in Fighting
 13747 | Lair:3   | Reached ***** piety under Makhleb
 15207 | Lair:5   | Entered Level 5 of the Lair of Beasts
 15232 | Lair:5   | Reached skill level 10 in Invocations
 15415 | Lair:5   | Found a frozen archway.
 15433 | IceCv    | Entered an ice cave
 15657 | IceCv    | Reached XP level 14. HP: 111/111 MP: 21/21
 15697 | IceCv    | Reached skill level 17 in Shapeshifting
 15847 | IceCv    | Noticed a reaper
 15863 | IceCv    | Killed a reaper
 16233 | Lair:5   | Found a viscous altar of Jiyva.
 16234 | Lair:5   | Found a staircase to the Slime Pits.
 16957 | Lair:5   | Noticed a dire elephant
 16991 | Lair:5   | Killed a dire elephant
 17120 | Lair:5   | Reached skill level 5 in Evocations
 17579 | Lair:5   | Found a runed translucent door.
 17615 | Lair:5   | Paralysed by a hornet for 1 turns
 18134 | Lair:5   | Reached skill level 18 in Shapeshifting
 18371 | Lair:5   | Reached XP level 15. HP: 120/120 MP: 23/23
 19065 | D:2      | Bought a storm talisman for 960 gold pieces
 19257 | Orc:1    | Entered Level 1 of the Orcish Mines
 19440 | Orc:2    | Entered Level 2 of the Orcish Mines
 19441 | Orc:2    | Found a staircase to the Elven Halls.
 20604 | Spider:1 | Entered Level 1 of the Spider Nest
 20640 | Spider:1 | Noticed an emperor scorpion
 20658 | Spider:1 | Reached skill level 19 in Shapeshifting
 20668 | Spider:1 | Killed an emperor scorpion
 22031 | Spider:1 | Reached skill level 20 in Shapeshifting
 23579 | Spider:2 | Noticed a ghost moth
 23585 | Spider:2 | Killed a ghost moth
 23586 | Spider:2 | HP: 6/144 [pharaoh ant (29)]
 23586 | Spider:2 | Slain by a pharaoh ant

Illustrated notes

Levels and vault maps discovered:
D:1:      dpeg_arrival_snail, layout_basic,
          chequers_ecumenical_altar_simple_redux, minmay_strange_pillars,
          minmay_misc_feat_secret_circle
D:2:      cheibrodos_old_hovel, layout_rooms, serial_shops,
          nicolae_shop_just_a_little_nook
D:3:      layout_loops_corners, grunt_gozag_breadcrumbs,
          nicolae_overflow_squiral, serial_shops, nicolae_shop_mannequins,
          columned_hall_lemuel
D:4:      layout_loops_cross, kennysheep_little_box, minivault_19,
          reono_crystal_passage, uniq_natasha
D:5:      layout_basic, lemuel_tele_altar, uniq_ijyb
D:6:      layout_loops_cross, nicolae_ru_sacrificial_ziggurat,
          minmay_temple_entry_statues_fountains, portal_sewer_entry_e,
          uniq_edmund
D:7:      layout_loops_ring, gammafunk_temple_overflow_arena,
          gammafunk_ghost_wrathful_warriors, chequers_serial_rivers_room_b
D:8:      layout_loops_ring, old_standard_altar
D:9:      layout_cave_pools, zin_academy, lair_entry_dummy,
          nzn_sisyphean_effort, uniq_erolcha, uniq_amaemon
D:10:     layout_irregular_city, grunt_dithmenos_smoke,
          mainiacjoe_overflow_cross_hatched, orc_david_3, serial_demonic,
          serial_demonic_e, serial_demonic_b, serial_demonic_f,
          serial_demonic_e, serial_demonic_b, serial_demonic_d,
          serial_demonic_d, serial_demonic_d, nicolae_shop_clearance
Lair:1:   layout_small_grid, grunt_forest_small_clearings, grunt_megastairs_4
Lair:2:   layout_hall_layers, minmay_shoals_entry_beasts, serial_bayou_shore_a,
          uniq_gastronok, uniq_sonja
Lair:3:   layout_roguey, nicolae_spider_entry_lesser_pyramids
Lair:4:   layout_cave_pods, serial_bayou_shore_b
Lair:5:   wormcave, layout_hall_layers, hangedman_lair_caniforms_friends,
          nicolae_slime_entry_slimehenge, portal_ice_cave_demonic_guard, pond,
          infiniplex_staircase_pool_2
Spider:1: layout_spider_delve, nicolae_spider_acid_house
Spider:2: layout_spider_delve, uniq_roxanne
Orc:1:    layout_caves
Orc:2:    grunt_orc_tribal_feast, layout_caves

Skill      XL: |  1  2  3  4  5  6  7  8  9 10 11 12 13 14 15 |
---------------+----------------------------------------------+-----
Dodging        | 3 4 5 7 8 10 11 12 13 | 13.9
Fighting       | 2 3 4 6 7 8 9 10 11 | 11.7
Shapeshifting  | 5 6 7 8 9 11 12 14 15 16 18 20 | 20.9
Unarmed Combat | 4 5 6 7 8 10 11 | 11.8
Invocations    | 1 2 4 5 6 7 9 10 11 | 11.1
Evocations     | 3 5 |  5.7

Action                     |  1- 3 |  4- 6 |  7- 9 | 10-12 | 13-15 || total
---------------------------+-------+-------+-------+-------+-------++-------
  Melee: Unarmed           |    93 |   134 |   215 |   381 |  1062 ||  1885
         Punch             |     3 |     5 |       |       |       ||     8
         Constrict         |       |       |    16 |    88 |   230 ||   334
 Invoke: Minor Destruction |       |     5 |       |       |     4 ||     9
         Lesser Servant of |       |       |     1 |    15 |    41 ||    57
         Major Destruction |       |       |       |     4 |       ||     4
Ability: Begin Untransform |       |       |       |       |     1 ||     1
  Evoke: Wand              |       |       |       |    12 |    20 ||    32
    Use: Potion            |       |     1 |     1 |     1 |     3 ||     6
         Scroll            |       |       |       |    12 |    13 ||    25
   Stab: Sleeping          |       |     1 |       |       |     1 ||     2
         Distracted        |       |       |       |     1 |     6 ||     7
 Armour: Animal skin       |    45 |    60 |    55 |       |       ||   160
         Skin              |       |    20 |    38 |   190 |   772 ||  1020
  Dodge: Dodged            |    64 |    97 |   150 |   379 |  1261 ||  1951
   Form: Beast             |     1 |       |       |       |       ||     1
         Flux              |       |     1 |     1 |       |       ||     2
         Anaconda          |       |       |     2 |       |     1 ||     3

Table legend: (Time is in decaauts)
 A = Elapsed time spent in this place.
 B = Non-inter-level travel time spent in this place.
 C = Inter-level travel time spent in this place.
 D = Time resting spent in this place.
 E = Time spent auto-exploring this place.
 F = Levels seen in this place.
 G = Mean time per level.
                   A        B        C        D        E       F      G
               +--------+--------+--------+--------+--------+-----+--------+
         Total |  23346 |  21687 |   1659 |   5626 |   8506 |  20 | 1167.3 |
       Dungeon |  11461 |  10255 |   1206 |   1966 |   4682 |  10 | 1146.1 |
          Lair |   7098 |   6678 |    420 |   1271 |   2926 |   5 | 1419.6 |
   Spider Nest |   2942 |   2928 |     14 |   1684 |    455 |   2 | 1471.0 |
  Orcish Mines |   1205 |   1188 |     17 |    538 |    342 |   2 |  602.5 |
      Ice Cave |    637 |    637 |      0 |    167 |    101 |   1 |  637.0 |
               +--------+--------+--------+--------+--------+-----+--------+

Top non-repeatable levels by time:
Spider:1: 2912 daAuts
  Lair:5: 2625 daAuts
     D:4: 1648 daAuts
     D:3: 1390 daAuts
     D:5: 1296 daAuts
  Lair:4: 1292 daAuts
     D:9: 1253 daAuts
    D:10: 1230 daAuts
     D:8: 1214 daAuts
  Lair:1: 1125 daAuts
  Lair:2: 1082 daAuts
     D:6: 1073 daAuts
     D:1: 1057 daAuts
  Lair:3: 971 daAuts
     D:7: 841 daAuts
